 Dungeon Crawl Stone Soup version 0.25-a0-474-ga8a2ee3166 (webtiles) character file.

Game seed: 5537626855815190166, levelgen mode: deterministic

137 Lugonue the Conjurer (level 5, -2/40 HPs)
             Began as a Draconian Conjurer on Feb 7, 2020.
             Was a Plaything of Xom.
             Killed by divine providence
             ... invoked by an orc priest
              (13 damage)
             ... on level 3 of the Dungeon.
             The game lasted 00:05:40 (2998 turns).

Lugonue the Conjurer (Draconian Conjurer)           Turns: 2998, Time: 00:05:40

Health: -2/40      AC:  5    Str: 12    XL:     5   Next: 0%
Magic:  2/9        EV: 12    Int: 18    God:    Xom [..*...]
Gold:   133        SH:  0    Dex: 11    Spells: 6/9 levels left

rFire    . . .     SeeInvis +   d - +1 spear
rCold    . . .     Gourm    .   (no shield)
rNeg     . . .     Faith    .   (armour unavailable)
rPois    .         Spirit   .   (helmet restricted)
rElec    .         Reflect  .   (no cloak)
rCorr    .         Harm     .   (no gloves)
MR       .....                  (no boots)
Stlth    ++........             (no amulet)
HPRegen  0.13/turn              a - ring of see invisible
MPRegen  0.11/turn              n - +3 ring of intelligence

@: no status effects
A: unfitting armour, cold-blooded, AC +5
a: Renounce Religion


You were on level 3 of the Dungeon.
You worshipped Xom.
You were a toy of Xom.
You were not hungry.

You visited 1 branch of the dungeon, and saw 3 of its levels.

You collected 133 gold pieces.

Inventory:

Hand Weapons
 d - a +1 spear (weapon)
Missiles
 p - a throwing net (quivered)
Jewellery
 a - a ring of see invisible (left hand)
 j - an uncursed ring of resist corrosion
 n - a +3 ring of intelligence (right hand)
Scrolls
 c - a scroll of identify
 g - a scroll of remove curse
 m - a scroll of random uselessness {unknown}
 o - a scroll of magic mapping {unknown}
Potions
 h - a potion of curing
 i - a potion of resistance {unknown}
 l - a potion of berserk rage {unknown}
Comestibles
 b - 9 rations


   Skills:
 + Level 1.0 Fighting
 + Level 1.8 Polearms
 + Level 2.4 Dodging
 + Level 2.1 Stealth
 - Level 0.1 Unarmed Combat
 + Level 2.7 Spellcasting
 + Level 4.7 Conjurations


You had 6 spell levels left.
You knew the following spells:

 Your Spells              Type           Power        Failure   Level  Hunger
a - Magic Dart            Conj           ###.         2%          1    None
b - Searing Ray           Conj           ###...       3%          2    ##.....

Your spell library contained the following spells:

 Spells                   Type           Power        Failure   Level  Hunger
 Dazzling Flash           Conj/Hex       ##....       19%         3    ###....
 Fulminant Prism          Conj/Hex       ##........   52%         4    ####...
 Iskenderun's Mystic Bla  Conj/Tloc      ##......     52%         4    ####...


Dungeon Overview and Level Annotations

Branches:
Dungeon (3/15)

Altars:
Makhleb
Trog
Xom


Innate Abilities, Weirdness & Mutations

Your plain brown scales are hard. (AC +5)
You cannot fit into any form of body armour.
You are cold-blooded and may be slowed by cold attacks.


Message History

You feel better.
The orc priest calls down the wrath of Beogh upon you.
Beogh smites you! The orc hits you but does no damage.
The orc wizard hits you but does no damage.
As you read the scroll labeled AROALA BIQAT, it crumbles to dust.
You hear a loud clanging noise!
It was a scroll of noise.
Xom is amused.
The orc priest misses you. The orc hits you with a +0 dagger.
* * * LOW HITPOINT WARNING * * *
The orc wizard hits you but does no damage.
The orc priest casts a cantrip, but nothing happens.
As you read the scroll labeled FOCREWU MEKH, it crumbles to dust.
It is a scroll of enchant weapon.
Your +0 spear glows red for a moment.
The orc priest closely misses you. The orc hits you but does no damage.
The orc wizard closely misses you.
The orc priest calls down the wrath of Beogh upon you.
Beogh smites you!
You die...
Xom thinks this is hilarious!

#.o .#...#.
#o# .......
##o# .#...#.
#..# .......
#.## #######
#o# ###.....
#.# #.....##
###.#
#.#...##
######@oo#
###...##
#.....oo##
#...##
#.......#
#####...##
#.......#
#.........
#.......#
#.........
#.......###
#....>....
#.........##
#.........
#.......#..#
#.........
##########.#
#........#


You could see 2 orc priests, an orc wizard and an orc.

Vanquished Creatures
  A gnoll (D:1)
  2 adders
  A worm (D:2)
  2 dart slugs (D:1)
  2 leopard geckos
  10 orcs (D:3)
  3 ball pythons
  5 giant cockroaches
  12 goblins
  5 hobgoblins
  6 jackals (D:1)
  8 kobolds
  3 quokkas
  7 bats
  8 frilled lizards
  8 rats
83 creatures vanquished.

Notes
Turn   | Place    | Note
-------+----------+-------------------------------------------
     0 | D:1      | Lugonue the Draconian Conjurer began the quest for the Orb.
     0 | D:1      | Reached XP level 1. HP: 14/14 MP: 3/3
   343 | D:1      | Reached XP level 2. HP: 3/20 MP: 0/5
  1027 | D:1      | Reached XP level 3. HP: 5/26 MP: 0/6
  1230 | D:2      | Found a burning altar of Makhleb.
  1639 | D:2      | Learned a level 2 spell: Searing Ray
  2136 | D:1      | Reached XP level 4. HP: 33/33 MP: 6/8
  2308 | D:1      | Reached skill level 1 in Polearms
  2462 | D:3      | Found a faded altar of an unknown god.
  2486 | D:3      | Became a worshipper of Xom the Fickle
  2713 | D:3      | XOM: butterfly on damage
  2740 | D:3      | Reached skill level 1 in Fighting
  2920 | D:3      | Found a bloodstained altar of Trog.
  2988 | D:3      | Reached XP level 5. HP: 40/40 MP: 4/9
  2998 | D:3      | Killed from afar by an orc priest

Levels and vault maps discovered:
D:1:      lemuel_arrival_behind_the_door_large, layout_basic, minmay_hexomino_u4
D:2:      layout_basic, lemuel_doored_altar, minivault_5
D:3:      layout_rooms, lemuel_coloured_pillars_altar,
          chequers_ecumenical_altar_island, trog_hazing_becter

Skill      XL: |  1  2  3  4 |
---------------+-------------+-----
Dodging        | 2 |  2.4
Stealth        | 2 |  2.1
Polearms       | 1 |  1.8
Fighting       | 1 |  1.0
Unarmed Combat | |  0.1
Spellcasting   | |  2.7
Conjurations   | |  4.7

Action                   |  1- 3 |  4- 6 || total
-------------------------+-------+-------++-------
Melee: Unarmed           |    59 |       ||    59
       Tailslap          |    11 |     6 ||    17
       Spear             |    53 |    91 ||   144
 Cast: Magic Dart        |    53 |     6 ||    59
       Searing Ray       |       |     7 ||     7
  Use: Scroll            |     1 |     4 ||     5
       Potion            |     1 |     1 ||     2
 Stab: Sleeping          |     1 |     1 ||     2
  Eat: Chunk             |     5 |     3 ||     8
Armor: Skin              |    45 |    26 ||    71
Dodge: Dodged            |    86 |    71 ||   157

Table legend:
 A = Non-vault XP
 B = Vault XP
 C = Vault XP percentage of total XP
 D = Non-vault monster count
 E = Vault monster count
 F = Vault count percentage of total count
                 A         B        C        D         E       F
            +---------+---------+-------+---------+---------+-------
      Total |     170 |      26 |  13.3 |      69 |      14 |  16.9
            +---------+---------+-------+---------+---------+-------
        D:1 |      71 |      15 |  17.4 |      33 |       8 |  19.5
        D:2 |      32 |       0 |   0.0 |      10 |       0 |   0.0
        D:3 |      67 |      11 |  14.1 |      26 |       6 |  18.8
            +---------+---------+-------+---------+---------+-------
